Map: 世界主宰-天梯版

Players

Cyan - Winner!

  • Race: Protoss Protoss
  • League: Master

JieShi

  • Race: Protoss Protoss

Event: DreamHack SC2 Masters 2021 Winter

VOD

Have the link to the VOD?

Description

Time

  • Played on: Oct. 7, 2021, 8:15 a.m.
  • Length: 8:56

All games in this series

Show
View Real Time Build Order
Export as new Build Order

Cyan Protoss - Winner!

Build Orders:  

Get SALT Encoding   

  12  0:00  Probe  
  13  0:12  Probe  
  14  0:17  Pylon  
  14  0:24  Probe (Chrono Boost)  
  15  0:36  Probe (Chrono Boost)  
  15  0:37  Gateway  
  16  0:45  Probe (Chrono Boost)  
  16  0:46  Assimilator  
  17  0:51  Probe  
  17  0:55  Assimilator  
  18  1:03  Probe (Chrono Boost)  
  19  1:08  Gateway  
  19  1:14  Probe (Chrono Boost)  
  20  1:19  Probe (Chrono Boost)  
  21  1:26  Cybernetics Core  
  21  1:29  Probe  
  22  1:37  Pylon  
  22  1:41  Probe  
  23  1:55  Probe  
  24  2:03  Stalker  
  24  2:04  Sentry  
  24  2:06  Warp Gate  
  24  2:07  Probe  
  29  2:10  Shield Battery  
  29  2:15  Pylon  
  29  2:19  Probe  
  30  2:33  Stalker x2  
  33  2:54  Nexus  
  33  2:59  Shield Battery  
  33  3:06  Sentry x2  
  33  3:08  Probe  
  38  3:14  Pylon  
  38  3:20  Probe  
  39  3:31  Twilight Council  
  39  3:32  Probe  
  40  3:40  Shield Battery  
  40  3:44  Probe  
  41  3:54  Stalker  
  43  3:55  Stalker  
  43  3:59  Probe (Chrono Boost)  
  46  4:06  Blink (Chrono Boost)  
  46  4:07  Probe (Chrono Boost)  
  47  4:11  Probe (Chrono Boost)  
  49  4:17  Probe (Chrono Boost)  
  49  4:18  Probe (Chrono Boost)  
  49  4:22  Probe (Chrono Boost)  
  49  4:23  Forge  
  51  4:26  Probe  
  52  4:33  Probe  
  52  4:37  Stalker  
  52  4:38  Probe  
  56  4:42  Protoss Ground Weapons Level 1 (Chrono Boost)  
  56  4:45  Stalker  
  55  4:47  Probe  
  55  4:50  Probe  
  52  4:59  Probe  
  53  5:02  Probe  
  53  5:06  Shield Battery  
  54  5:07  Stalker  
  54  5:11  Probe  
  54  5:13  Pylon  
  57  5:14  Probe  
  57  5:20  Robotics Facility  
  58  5:23  Probe  
  58  5:26  Probe  
  58  5:27  Gateway  
  60  5:31  Gateway  
  60  5:35  Probe, Sentry  
  63  5:38  Assimilator, Probe  
  64  5:46  Pylon  
  64  5:47  Stalker, Probe  
  67  5:50  Probe  
  66  6:00  Stalker  
  64  6:11  Stalker  
  64  6:13  Probe  
  65  6:20  Stalker  
  65  6:23  Stalker  
  65  6:24  Warp Prism (Chrono Boost)  
  66  6:27  Nexus  
  66  6:31  Stalker  
  70  6:33  Probe  
  70  6:38  Stalker  
  73  6:42  Pylon  
  73  6:43  Probe  
  74  6:47  Stalker  
  74  6:50  Pylon  
  74  6:53  Observer  
  71  7:03  Stalker  
  71  7:04  Stalker x2  
  71  7:06  Probe  
  71  7:07  Probe  
  79  7:16  Stalker  
  79  7:19  Probe  
  76  7:27  Stalker x2  
  76  7:29  Stalker  
  78  7:32  Probe  
  78  7:33  Probe  
  80  7:44  Probe  
  80  7:50  Stalker x2  
  81  7:51  Stalker  
  81  7:55  Stalker  
  81  7:56  Probe  
  81  7:57  Gateway  
  87  7:58  Probe  
  87  7:59  Gateway  
  87  8:03  Probe  
  82  8:08  Probe  
  79  8:14  Stalker x2  
  79  8:15  Probe  
  80  8:20  Stalker x2  
  80  8:22  Probe  
  80  8:25  Probe  
  86  8:29  Gateway  
  86  8:32  Gateway  
  86  8:33  Probe  
  87  8:35  Assimilator x2  
  81  8:44  Stalker x2  
  81  8:45  Stalker x2  
Show
View Real Time Build Order
Export as new Build Order

JieShi Protoss 

Build Orders:  

Get SALT Encoding   

  12  0:00  Probe  
  13  0:12  Probe  
  14  0:17  Pylon  
  14  0:24  Probe (Chrono Boost)  
  15  0:37  Probe (Chrono Boost)  
  15  0:38  Gateway  
  16  0:44  Probe (Chrono Boost)  
  16  0:46  Assimilator  
  17  0:51  Probe  
  17  0:57  Assimilator  
  18  1:03  Probe (Chrono Boost)  
  19  1:10  Gateway  
  19  1:13  Probe (Chrono Boost)  
  20  1:20  Probe  
  21  1:27  Cybernetics Core  
  21  1:32  Probe  
  22  1:38  Pylon  
  22  1:44  Probe  
  23  1:56  Probe  
  24  2:04  Stalker, Warp Gate  
  24  2:06  Stalker  
  28  2:16  Pylon  
  28  2:19  Shield Battery  
  28  2:37  Adept x2  
  31  2:52  Nexus  
  31  2:55  Probe  
  32  3:02  Shield Battery  
  32  3:08  Probe  
  32  3:10  Sentry  
  37  3:12  Sentry  
  37  3:21  Pylon  
  37  3:22  Probe  
  38  3:34  Probe  
  39  3:46  Probe  
  39  3:48  Twilight Council  
  40  3:54  Adept  
  42  3:55  Adept  
  42  4:01  Probe (Chrono Boost)  
  45  4:04  Probe (Chrono Boost)  
  45  4:08  Adept  
  48  4:10  Adept  
  48  4:14  Probe (Chrono Boost)  
  51  4:18  Probe (Chrono Boost)  
  51  4:19  Probe (Chrono Boost)  
  51  4:21  Blink (Chrono Boost)  
  53  4:29  Probe  
  53  4:31  Probe  
  55  4:38  Robotics Facility  
  55  4:41  Probe  
  55  4:43  Probe  
  53  4:53  Probe  
  53  4:55  Probe  
  53  4:56  Stalker x2  
  55  5:06  Probe, Pylon  
  56  5:07  Probe  
  57  5:18  Probe  
  57  5:19  Probe  
  57  5:20  Gateway x2  
  59  5:23  Observer  
  59  5:25  Forge  
  59  5:31  Stalker x2, Probe  
  59  5:34  Assimilator  
  65  5:45  Nexus  
  65  5:48  Protoss Ground Weapons Level 1 (Chrono Boost)  
  65  5:55  Immortal (Chrono Boost)  
  69  5:58  Probe  
  69  6:03  Pylon  
  70  6:06  Probe  
  70  6:10  Probe  
  66  6:15  Stalker x2  
  66  6:18  Probe  
  65  6:22  Probe  
  64  6:30  Probe  
  64  6:32  Immortal (Chrono Boost), Gateway  
  63  6:34  Pylon  
  63  6:35  Probe  
  68  6:40  Stalker  
  68  6:41  Stalker  
  72  6:51  Stalker x2  
  76  6:59  Immortal (Chrono Boost)  
  70  7:02  Probe, Shield Battery  
  72  7:10  Stalker  
  72  7:11  Probe x2  
  72  7:13  Stalker  
  72  7:14  Probe  
  77  7:21  Stalker  
  66  7:30  Stalker  
  66  7:31  Stalker  
  66  7:33  Gateway  
  70  7:38  Shield Battery  
  70  7:43  Stalker x2  
  70  7:49  Stalker  
  67  7:55  Stalker, Shield Battery  
  67  7:58  Probe x3  
  71  8:00  Assimilator  
  71  8:03  Stalker  
  68  8:09  Stalker  
  60  8:18  Stalker  
  59  8:24  Stalker  
  53  8:28  Probe x2  
  53  8:32  Stalker  
  53  8:33  Zealot  
  52  8:34  Stalker, Zealot  
  52  8:37  Probe  
  52  8:40  Probe  
  52  8:43  Stalker  
  52  8:49  Stalker  

Tags
 
Add a new tag
Caveats
  • Supply blocks, unpowered buildings, or Contaminate may cause inaccurate times.
  • Supply counts are checked every 10 seconds.